Quickblade, chaotic female elven Rogue --- --.-- ----- |...--|.^.| |.<..-|..-- |.....|..| -----.--.|.---- ...%)...*%..... -------.-%%---- |......| |--%--.-- --- --.|...... --.------..)--.--. |....--.)....G... --..*.......%[@... |..........---.... --.|.......| |... --|.......- --- -...... ....|.- -.---- - Quickblade the Cutpurse Experience level: 5 Strength: 18 Dexterity: 19 Constitution: 12 Intelligence: 9 Wisdom: 11 Charisma: 6 Health: 0(31) Energy: 19(19) Def: 6 Gold: 233 Moves: 1655 Dungeon seed: Pl4WXaoNFhtAB4qt Game ID: Quickblade_1437364873 Your Inventory: Coins $ - 233 gold pieces Amulets P - an uncursed amulet of ESP Weapons a - a blessed +0 elven short sword t - 10 +0 elven daggers (wielded) Armor e - an uncursed +1 leather armor (being worn) n - an uncursed +0 dwarvish iron helm q - an uncursed +0 dwarvish roundshield r - a cursed -1 elven mithril-coat N - an uncursed +0 pair of high boots (being worn) Y - an uncursed +0 pair of leather gloves (being worn) Comestibles E - 2 uncursed food rations F - an uncursed tripe ration Q - an uncursed orange Wands I - a wand of striking (0:5) Tools d - an uncursed lock pick f - an uncursed sack g - an uncursed blindfold s - an uncursed oilskin sack A - a blessed magic lamp (lit) G - an uncursed wax candle (0:400) J - 9 uncursed tallow candles (0:200) Contents of the oilskin sack: an uncursed scroll of light an uncursed scroll of magic mapping an uncursed scroll of scare monster an uncursed scroll of stinking cloud an uncursed potion of sickness 2 uncursed potions of water a cursed ring of aggravate monster Spells and supernatural/magical abilities: Name Level Category Fail Memory W - pray for help -- divine ? -- Your skills at the end: Fighting Skills Weapon Skills dagger [Basic] short sword [Basic] Spellcasting Skills Final Attributes: You were piously aligned. You were cold resistant. You were sleep resistant. You had infravision. You were stealthy. You are dead. Vanquished creatures: 2 small mimics a dwarf lord 2 dwarves an iguana 2 hobbits a brown mold a yellow mold 9 gnomes 3 geckos 2 jackals a fox 2 kobolds a goblin a bat 2 lichens 2 kobold zombies a newt 34 creatures vanquished. Voluntary challenges: You were an atheist. You used a wielded weapon 56 times, starting on turn 70. You read items or engraved 2 times, starting on turn 902. You never genocided any monsters. You never polymorphed an object. You never changed form. You used no wishes. You never split a pudding. You never wrote Elbereth's name. You never violated your personal moral code. You abstained from Elbereth's help. Dungeon overview: The Dungeons of Doom: levels 1 to 3 Level 1 a long staircase Level 2 Level 3 a general store, a fountain stairs to The Gnomish Mines The Gnomish Mines: Level 4 <- You were here stairs to The Dungeons of Doom History has recorded: On T:1 you entered the Dungeons of Doom to retrieve the Amulet of Yendor! On T:439 you advanced to experience level 2. On T:540 you reached level 2 of The Dungeons of Doom. On T:714 you advanced to experience level 3. On T:1022 you reached level 3 of The Dungeons of Doom. On T:1395 you advanced to experience level 4. On T:1527 you reached level 1 of The Gnomish Mines. On T:1539 you advanced to experience level 5. Score breakdown: Gold: 233 ( 23 points) Experience: 5 levels ( 400 points) Exploration: 4 levels ( 90 points) Discoveries: 8 items ( 400 points) Variety of kills: 17 monsters ( 850 points) Major goal: (nothing yet) ( 0 points) Survival: died (score multiplied by 3) Total score: 5289 Latest messages: You sold a mottled spellbook for 350 gold pieces. You drop a gray stone. Asidonhopo seems uninterested. You hit the gnome lord. The gnome lord thrusts his dagger. The gnome lord hits! You die... The sack is empty. Final status: Goodbye Quickblade the Rogue, killed by a gnome lord... You died in The Gnomish Mines on dungeon level 4 with 5289 points, and 233 pieces of gold, after 1655 moves. You were level 5 with a maximum of 31 hit points when you died.